 Dungeon Crawl Stone Soup version 0.32-a0-329-ge6c31236d6 (webtiles) character file.

Game seed: 14538350370476032031

739 Juicyj the Chopper (level 7, -6/62 HPs)
             Began as a Mountain Dwarf Monk on Feb 16, 2024.
             Was a Believer of Beogh.
             Mangled by a vampire mosquito (9 damage)
             ... on level 5 of the Dungeon.
             The game lasted 00:10:42 (4819 turns).

Juicyj the Chopper (Mountain Dwarf Monk)            Turns: 4819, Time: 00:10:43

Health: -6/62      AC:  5    Str: 15    XL:     7   Next: 46%
Magic:  8/8        EV: 13    Int: 11    God:    Beogh [**....]
Gold:   284        SH:  0    Dex: 12    Spells: 6/6 levels left

rFire   + . .        a - +0 hand axe (spect)
rCold   + + .        (no shield)
rNeg    . . .        i - +2 robe {rC+ rF+}
rPois   .            (no helmet)
rElec   .            (no cloak)
rCorr   .            k - +0 pair of gloves
SInv    .            (no boots)
Will    .....        (no amulet)
Stlth   +            t - ring of protection from cold
HPRegen 0.30/turn    (no ring)
MPRegen 0.11/turn

%: no passive effects
@: on berserk cooldown, slowed, very slow
A: runic magic, artefact enchanting
a: Renounce Religion, Smiting


You were on level 5 of the Dungeon.
You worshipped Beogh.
Beogh was pleased with you.
You visited 1 branch of the dungeon, and saw 6 of its levels.

You collected 284 gold pieces.

Inventory:

Hand Weapons
 a - a +0 spectral hand axe (weapon)
Armour
 b - a +1 robe
 d - an orb of light
 i - a +2 robe of resistance (worn)
 k - a +0 pair of gloves (worn)
 q - a +1 leather armour of willpower
Jewellery
 l - a ring of wizardry
 t - a ring of protection from cold (left hand)
Talismans
 s - a maw talisman
Wands
 n - a wand of roots (8)
 o - a wand of charming (10)
Scrolls
 f - 2 scrolls of teleportation
 g - a scroll of amnesia
 m - a scroll of noise
 v - a scroll of poison
Potions
 c - 2 potions of ambrosia
 h - 2 potions of brilliance


   Skills:
 + Level 5.6 Fighting
 + Level 6.2 Axes
 + Level 3.8 Dodging
 + Level 1.9 Invocations
 - Level 2.3 Evocations
 * Level 1.7 Shapeshifting


You had 6 spell levels left.
You didn't know any spells.
Your spell library contained the following spells:

 Spells                   Type           Power      Damage    Failure   Level
 Necrotise                Necr           0%         1d4       34%         1
 Summon Small Mammal      Summ           0%         N/A       34%         1
 Sublimation of Blood     Necr           0%         N/A       47%         2
 Call Canine Familiar     Summ           0%         N/A       71%         3
 Vampiric Draining        Necr           0%         2d6       71%         3
 Martyr's Knell           Necr/Summ      0%         N/A       98%         4
 Petrify                  Alch/Erth      0%         N/A       98%         4
 Summon Blazeheart Golem  Fire/Summ      0%         N/A       98%         4
 Curse of Agony           Necr           0%         N/A       100%        5
 Irradiate                Conj/Alch      0%         3d11      100%        5


Dungeon Overview and Level Annotations

Branches:
Dungeon (6/15)             Temple (0/1) D:5

Altars:
Nemelex Xobeh
Sif Muna


Innate Abilities, Weirdness & Mutations

Your facial features are unmistakably orcish.
Your spellcasting is much less encumbered by armour.
You can use scrolls of enchantment on lesser artefacts.


Message History

Your +0 spectral hand axe misses the vampire mosquito.
The vampire mosquito bites you.
The vampire mosquito draws strength from your injuries!
The vampire mosquito bites you!
* * * LOW HITPOINT WARNING * * *
The vampire mosquito draws strength from your injuries!
The vampire mosquito completely misses you.
You strike the helpless vampire mosquito from behind!
You hit the vampire mosquito.
The vampire mosquito is lightly damaged.
Your +0 spectral hand axe closely misses the vampire mosquito.
The vampire mosquito barely misses you. The vampire mosquito bites you.
* * * LOW HITPOINT WARNING * * *
The vampire mosquito draws strength from your injuries!
The vampire mosquito bites you but does no damage.
Aiming: Charm
Press: ? - help, Q - select action, (/) - cycle Shift-Dir - straight line, f - vampire mosquito
Aim: a vampire mosquito (unable to see you, chance to affect: 55%)
The vampire mosquito resists with significant effort.
Your +0 spectral hand axe disappears.
The vampire mosquito closely misses you. x2
The vampire mosquito bites you.
* * * LOW HITPOINT WARNING * * *
The vampire mosquito draws strength from your injuries!
You feel better.
You flicker for a moment.
The vampire mosquito closely misses you.
The vampire mosquito bites you.
* * * LOW HITPOINT WARNING * * *
The vampire mosquito draws strength from your injuries!
The vampire mosquito bites you!
* * * LOW HITPOINT WARNING * * *
The vampire mosquito draws strength from your injuries!
Blink to where?
Press: ? - help, Q - select action, (/) - cycle Dir - move target, p - vampire mosquito
As you read the scroll of blinking, it crumbles to dust.
A vampire mosquito is nearby!
You flicker back into view.
The vampire mosquito bites you!
You die...

#..§......#..........########
#............................
#...................(#.......
#...####.........#...#......#
#...# #.............#.....<#
#...####....................#
#...........................#
##..........y#...............
#..........@#####...........
####..÷.........#...........
#...###...#....#...........
#...#.....#....#........###
#.........+....#..>.....###
####.........#....#........#..
#............##+###........#..
#.................#........#..
#......##..........#########..


You could see a vampire mosquito.

Vanquished Creatures
  Eustachio (D:5)
  An ogre (D:6)
  A scorpion (D:5)
  A bombardier beetle (D:4)
  A hound (D:5)
  3 jellies (D:5)
  An iguana (D:5)
  2 orc wizards
  Robin (D:2)
  A gnoll (D:1)
  4 adders
  A shadow imp (D:6)
  A ribbon worm (D:3)
  A dart slug (D:1)
  4 orcs (D:3)
  6 endoplasms
  6 giant cockroaches
  13 goblins
  8 hobgoblins
  10 jackals
  4 quokkas
  4 ball pythons
  4 bats
  3 frilled lizards
  6 kobolds
  4 rats
  A spectral hobgoblin (D:1)
  A butterfly (D:5)
94 creatures vanquished.

Vanquished Creatures (others)
  An orc (D:4)
1 creature vanquished.

Grand Total: 95 creatures vanquished

Notes
Turn   | Place    | Note
-------+----------+-------------------------------------------
     0 | D:1      | Juicyj the Mountain Dwarf Monk began the quest for the Orb.
     0 | D:1      | Reached XP level 1. HP: 19/19 MP: 1/1
    15 | D:1      | You fall into a shaft and drop 1 floor!
   100 | D:2      | Reached XP level 2. HP: 26/26 MP: 2/2
   120 | D:2      | Reached skill level 4 in Axes
   123 | D:2      | Reached XP level 3. HP: 11/33 MP: 3/3
   546 | D:1      | Found a faded altar of an unknown god.
   808 | D:1      | Reached XP level 4. HP: 33/39 MP: 4/4
  1324 | D:2      | Noticed Robin
  1345 | D:2      | Killed Robin
  1734 | D:3      | Reached XP level 5. HP: 47/47 MP: 5/5
  1746 | D:3      | Reached skill level 5 in Axes
  2286 | D:4      | Became a worshipper of Beogh the Shepherd
  2286 | D:4      | Reached * piety under Beogh
  2286 | D:4      | Reached ** piety under Beogh
  2721 | D:4      | Reached skill level 1 in Evocations
  2789 | D:4      | Found a sparkling altar of Nemelex Xobeh.
  3323 | D:5      | Entered Level 5 of the Dungeon
  3337 | D:5      | Reached XP level 6. HP: 49/55 MP: 6/6
  3409 | D:5      | Reached skill level 5 in Fighting
  4036 | D:5      | Found a shimmering blue altar of Sif Muna.
  4153 | D:5      | Noticed Eustachio
  4205 | D:5      | Killed Eustachio
  4206 | D:5      | Reached skill level 6 in Axes
  4206 | D:5      | Reached skill level 1 in Invocations
  4206 | D:5      | Reached skill level 1 in Shapeshifting
  4206 | D:5      | Reached XP level 7. HP: 17/61 MP: 6/8
  4701 | D:5      | Found a staircase to the Ecumenical Temple.
  4796 | D:6      | Noticed a vampire mosquito
  4796 | D:6      | Noticed a vampire mosquito
  4796 | D:6      | Noticed a vampire mosquito
  4798 | D:6      | Noticed a vampire mosquito
  4815 | D:5      | HP: 1/62 [vampire mosquito (10)]
  4819 | D:5      | Mangled by a vampire mosquito

Illustrated notes

Levels and vault maps discovered:
D:1:      minmay_arrival_wavy_path, layout_loops_cross,
          dreamdust_ecumenical_altar_drowned_temple
D:2:      layout_rooms, uniq_robin
D:3:      layout_rooms
D:4:      layout_basic, mainiacjoe_overflow_cross_hatched,
          minmay_misc_feat_tiny, eino_small_chamber_without_monster
D:5:      layout_basic, mainiacjoe_overflow_24_doors,
          minmay_temple_entry_butterflies, hangedman_decor_riveting,
          uniq_eustachio
D:6:      layout_cave_pools, makhleb_blood_cavern_becter

Skill      XL: |  1  2  3  4  5  6 |
---------------+-------------------+-----
Axes           | 4 5 6 |  6.2
Fighting       | 4 5 |  5.6
Dodging        | 3 |  3.8
Evocations     | 1 2 |  2.3
Invocations    | 1 |  1.9
Shapeshifting  | 1 |  1.7

Action                     |  1- 3 |  4- 6 |  7- 9 || total
---------------------------+-------+-------+-------++-------
  Melee: Hand axe          |    89 |   312 |    25 ||   426
 Invoke: Convert to Beogh  |       |     1 |       ||     1
  Evoke: Wand              |       |     1 |     1 ||     2
    Use: Scroll            |       |    12 |     2 ||    14
         Potion            |       |     2 |     4 ||     6
   Stab: Sleeping          |     1 |       |       ||     1
         Invisible         |       |       |     8 ||     8
 Armour: Robe              |    51 |   238 |    17 ||   306
         Skin              |     1 |       |       ||     1
  Dodge: Dodged            |    66 |   261 |    37 ||   364

Table legend: (Time is in decaauts)
 A = Elapsed time spent in this place.
 B = Non-inter-level travel time spent in this place.
 C = Inter-level travel time spent in this place.
 D = Time resting spent in this place.
 E = Time spent auto-exploring this place.
 F = Levels seen in this place.
 G = Mean time per level.
                   A        B        C        D        E       F      G
               +--------+--------+--------+--------+--------+-----+--------+
         Total |   4836 |   4715 |    121 |    188 |   3621 |   6 |  806.0 |
       Dungeon |   4836 |   4715 |    121 |    188 |   3621 |   6 |  806.0 |
               +--------+--------+--------+--------+--------+-----+--------+

Top non-repeatable levels by time:
     D:5: 1459 daAuts
     D:4: 1086 daAuts
     D:1: 921 daAuts
     D:3: 682 daAuts
     D:2: 652 daAuts
     D:6: 34 daAuts
